 Dungeon Crawl Stone Soup version 0.32-a0-938-g40ac7a0 (webtiles) character file.

Game seed: 1416038788519704281

2743989 Loakagen the Conqueror (level 27, 178/273 HPs)
             Began as a Minotaur Fighter on Apr 19, 2024.
             Was a High Priest of Okawaru.
             Escaped with the Orb
             ... and 5 runes on Apr 21, 2024!
             The game lasted 04:35:35 (88361 turns).

Loakagen the Conqueror (Minotaur Fighter)          Turns: 88361, Time: 04:35:35

Health: 178/273    AC: 54    Str: 34    XL:     27
Magic:  42/42      EV: 16    Int:  7    God:    Okawaru [*****.]
Gold:   7657       SH: 31    Dex: 18    Spells: 26/26 levels left

rFire   + + +        a - +9 broad axe (protect)
rCold   + + +        Y - +5 tower shield of the Moon {rF+ rC++}
rNeg    + + +        i - +12 gold dragon scales
rPois   +            v - +2 hat
rElec   +            Z - +2 cloak
rCorr   +            r - +3 pair of gauntlets of War {Slay+5}
SInv    +            W - +2 pair of boots
Will    ++...        h - macabre finger necklace {Finger+ rN+} Stlth
                     q - ring of Modesty {rElec Str+6 Dex+3 Slay-2 Stlth+}
HPRegen 0.65/turn    e - ring "Xiuf" {Fly rF+ rCorr Stlth+}
MPRegen 0.28/turn    E - ring of Dasmuo {rC+ rN++ MP+9 SInv}

%: no passive effects
@: flying, studying 3 skills
A: horns 2, retaliatory headbutt
0: Orb of Zot
}: 5/15 runes: decaying, slimy, silver, abyssal, gossamer
a: Renounce Religion, Heroism, Finesse, Duel


You escaped.
You worshipped Okawaru.
Okawaru was extremely pleased with you.
You visited 12 branches of the dungeon, and saw 56 of its levels.
You visited the Abyss 1 time.
You also visited: Bailey, Ice Cave, Wizlab and Desolation.

You collected 10770 gold pieces.
You spent 3113 gold pieces at shops.

Inventory:

Hand Weapons
 a - a +9 broad axe of protection (weapon)
Missiles
 c - 18 atropa-tipped darts
 s - 7 silver javelins
 w - 61 poisoned darts
 B - a throwing net
 Q - 23 curare-tipped darts
 V - 41 javelins (quivered)
Armour
 i - +12 gold dragon scales (worn)
 r - the +3 pair of gauntlets of War (worn) {Slay+5}
   (You bought it in a shop on level 4 of the Depths)

   Slay+5:    It affects your accuracy & damage with ranged weapons and melee
   (+5).
 v - a +2 hat (worn)
 W - a +2 pair of boots (worn)
 Y - the +5 tower shield of the Moon (worn) {rF+ rC++}
   (You found it on level 3 of the Crypt)

   rF+:       It protects you from fire.
   rC++:      It greatly protects you from cold.
 Z - a +2 cloak (worn)
Jewellery
 b - a ring of willpower
 e - the ring "Xiuf" (right hand) {Fly rF+ rCorr Stlth+}
   (You found it on level 3 of the Elven Halls)

   [ring of flight]

   rF+:       It protects you from fire.
   Fly:       It grants you flight.
   rCorr:     It protects you from acid and corrosion.
   Stlth+:    It makes you more stealthy.
 h - the macabre finger necklace (around neck) {Finger+ rN+}
   (You bought it in a shop on level 2 of the Orcish Mines)

   [amulet of nothing]

   Finger+:   It enables you to equip an extra ring.
   rN+:       It protects you from negative energy.
 q - the ring of Modesty (left hand) {rElec Str+6 Dex+3 Slay-2 Stlth+}
   (You found it in the Desolation of Salt)

   [ring of strength]

   Str+6:     It affects your strength (+6).
   Dex+3:     It affects your dexterity (+3).
   Slay-2:    It affects your accuracy & damage with ranged weapons and melee
   (-2).
   rElec:     It insulates you from electricity.
   Stlth+:    It makes you more stealthy.
 C - the amulet "Sacikiz" {Reflect rPois rF- Regen+ Int-5 Dex+5 SH+5}
   (You found it on level 3 of the Crypt)

   [amulet of reflection]

   Reflect:   It reflects blocked missile attacks.
   Int-5:     It affects your intelligence (-5).
   Dex+5:     It affects your dexterity (+5).
   rF-:       It makes you vulnerable to fire.
   rPois:     It protects you from poison.
   Regen+:    It increases your rate of health regeneration.
   SH+5:      It affects your SH (+5).
 E - the ring of Dasmuo (on amulet) {rC+ rN++ MP+9 SInv}
   (You found it on level 3 of the Crypt)

   [ring of protection from cold]

   rC+:       It protects you from cold.
   rN++:      It greatly protects you from negative energy.
   MP+9:      It affects your magic capacity (+9).
   SInv:      It lets you see invisible.
 T - the ring "Jeixt" {rC+ Will+ Int+2 Dex-4}
   (You acquired it on level 11 of the Dungeon)

   [ring of protection from cold]

   Int+2:     It affects your intelligence (+2).
   Dex-4:     It affects your dexterity (-4).
   rC+:       It protects you from cold.
   Will+:     It increases your willpower.
Wands
 t - a wand of acid (31)
 D - a wand of polymorph (48)
 G - a wand of warping (36)
 X - a wand of digging (31)
Scrolls
 f - 14 scrolls of poison
 g - 8 scrolls of immolation
 k - 5 scrolls of revelation
 p - 14 scrolls of teleportation
 x - a scroll of enchant armour
 y - a scroll of silence
 H - 13 scrolls of vulnerability
 I - 9 scrolls of fear
 J - 4 scrolls of torment
 L - 10 scrolls of noise
 O - 5 scrolls of fog
 P - 7 scrolls of blinking
Potions
 d - 9 potions of might
 l - 7 potions of heal wounds
 n - a potion of haste
 o - 5 potions of enlightenment
 u - 9 potions of resistance
 z - 5 potions of cancellation
 A - 11 potions of attraction
 F - 12 potions of lignification
 K - 3 potions of berserk rage
 N - a potion of invisibility
 R - 9 potions of mutation
 U - 23 potions of curing
Miscellaneous
 j - a Gell's gravitambourine (2/2)
 m - a tin of tremorstones (2/2)
 S - a lightning rod (4/4)


   Skills:
 O Level 27 Fighting
 - Level 22.0 Axes
 + Level 22.3 Throwing
 O Level 27 Armour
 - Level 16.0 Dodging
 - Level 5.0 Stealth
 O Level 27 Shields
 - Level 15.0 Invocations
 - Level 10.0 Evocations


You had 26 spell levels left.
You didn't know any spells.
Your spell library contained the following spells:

 Spells                   Type           Power      Damage    Failure   Level
 Apportation              Tloc           0%         N/A       90%         1
 Freeze                   Ice            0%         1d3       90%         1
 Necrotise                Necr           0%         1d4       90%         1
 Slow                     Hex            0%         N/A       90%         1
 Sting                    Conj/Alch      0%         1d3       90%         1
 Cigotuvi's Dreadful Rot  Necr/Alch/Air  0%         N/A       97%         2
 Ensorcelled Hibernation  Hex/Ice        0%         N/A       97%         2
 Jinxbite                 Hex            0%         N/A       97%         2
 Lesser Beckoning         Tloc           0%         N/A       97%         2
 Mercury Vapours          Alch/Air       0%         N/A       97%         2
 Scorch                   Fire           0%         2d5       97%         2
 Sublimation of Blood     Necr           0%         N/A       97%         2
 Confusing Touch          Hex            0%         N/A       99%         3
 Dazzling Flash           Conj/Hex       0%         N/A       99%         3
 Frozen Ramparts          Ice            0%         1d1       99%         3
 Fugue of the Fallen      Necr           0%         N/A       99%         3
 Hailstorm                Conj/Ice       0%         3d5       99%         3
 Inner Flame              Hex/Fire       0%         N/A       99%         3
 Maxwell's Portable Pile  Tloc           0%         2d(5-13)  99%         3
 Ozocubu's Armour         Ice            0%         N/A       99%         3
 Passwall                 Erth           0%         N/A       99%         3
 Teleport Other           Tloc           0%         N/A       99%         3
 Vampiric Draining        Necr           0%         2d6       99%         3
 Volatile Blastmotes      Fire/Tloc      0%         2d10      99%         3
 Anguish                  Hex/Necr       0%         N/A       100%        4
 Dimensional Bullseye     Hex/Tloc       0%         N/A       100%        4
 Dispel Undead            Necr           0%         3d6       100%        4
 Flame Wave               Conj/Fire      0%         2d4       100%        4
 Fulminant Prism          Conj/Alch      0%         3d5       100%        4
 Ignite Poison            Fire/Alch      0%         N/A       100%        4
 Iskenderun's Mystic Bla Conj/Tloc 0%             2d3        (+2d1     100%        4
 Leda's Liquefaction      Alch/Erth      0%         N/A       100%        4
 Olgreb's Toxic Radiance  Alch           0%         N/A       100%        4
 Passage of Golubria      Tloc           0%         N/A       100%        4
 Petrify                  Alch/Erth      0%         N/A       100%        4
 Sticky Flame             Fire/Alch      0%         2d4       100%        4
 Vhi's Electric Charge    Tloc/Air       0%         N/A       100%        4
 Alistair's Intoxication  Alch           0%         N/A       100%        5
 Arcjolt                  Conj/Air       0%         1d10      100%        5
 Borgnjor's Vile Clutch   Necr/Erth      0%         N/A       100%        5
 Curse of Agony           Necr           0%         N/A       100%        5
 Fireball                 Conj/Fire      0%         3d3       100%        5
 Freezing Cloud           Conj/Ice/Air   0%         6-21      100%        5
 Irradiate                Conj/Alch      0%         3d11      100%        5
 Lee's Rapid Deconstruct  Erth           0%         3d4*      100%        5
 Metabolic Englaciation   Hex/Ice        0%         N/A       100%        5
 Silence                  Hex/Air        0%         N/A       100%        5
 Yara's Violent Unravell  Hex/Alch       0%         3d3       100%        5
 Bombard                  Conj/Erth      0%         9d1       100%        6
 Conjure Ball Lightning   Conj/Air       0%         3x3d6     100%        6
 Eringya's Noxious Bog    Alch           0%         4d6       100%        6
 Permafrost Eruption      Ice/Erth       0%         2x4d1     100%        6
 Plasma Beam              Fire/Air       0%         2x1d10    100%        6
 Starburst                Conj/Fire      0%         6d3       100%        6
 Enfeeble                 Hex            0%         N/A       100%        7
 Manifold Assault         Tloc           0%         N/A       100%        7
 Orb of Destruction       Conj           0%         9d5       100%        7
 Ozocubu's Refrigeration  Ice            0%         4d7       100%        7
 Borgnjor's Revivificati  Necr           0%         N/A       100%        8
 Discord                  Hex            0%         N/A       100%        8
 Disjunction              Tloc           0%         N/A       100%        8
 Ignition                 Fire           0%         3d3       100%        8
 Lehudib's Crystal Spear  Conj/Erth      0%         10d2      100%        8
 Maxwell's Capacitive Co  Air            0%         ∞         100%        8
 Chain Lightning          Conj/Air       0%         N/A       100%        9
 Death's Door             Necr           0%         N/A       100%        9
 Fire Storm               Conj/Fire      0%         5d1       100%        9
 Shatter                  Erth           0%         3d5*      100%        9
 Summon Small Mammal      Summ           Unusable   N/A       N/A         1
 Tukima's Dance           Hex            Unusable   N/A       N/A         3
 Animate Dead             Necr           Unusable   N/A       N/A         4
 Martyr's Knell           Necr/Summ      Unusable   N/A       N/A         4
 Death Channel            Necr           Unusable   N/A       N/A         6
 Summon Cactus Giant      Summ           Unusable   N/A       N/A         6

Dungeon Overview and Level Annotations

Branches:
Dungeon (15/15)            Temple (1/1) D:4            Lair (5/5) D:9
  Swamp (4/4) Lair:3       Spider (4/4) Lair:3        Slime (5/5) Lair:5
    Orc (2/2) D:11            Elf (3/3) Orc:2        Vaults (5/5) D:14
  Crypt (3/3) Vaults:3       Tomb (0/3) Crypt:3      Depths (4/4) D:15
    Zot (5/5) Depths:4     Bailey (visited)           IceCv (visited)
 WizLab (visited)         Desolation (visited)

Altars:
Ashenzari
Cheibriados
Dithmenos
Elyvilon
Fedhas
Gozag
Hepliaklqana
Kikubaaqudgha
Makhleb
Nemelex Xobeh
Okawaru
Qazlal
Ru
Sif Muna
Trog
Uskayaw
Vehumet
Wu Jian
Xom
Yredelemnul
Zin
The Shining One
Jiyva

Shops:
D:4 *   D:5 !   Orc:1 !!:*   Orc:2 !*=(   Elf:1 !((?   Elf:2 **   Vaults:1 *
Vaults:3 !   Depths:1 :   Depths:2 ((*[   Depths:4 :[

Portals:
Hell: Depths:1 Depths:2 Depths:3 Depths:4
Abyss: Depths:3
Pandemonium: Depths:2 Depths:3 Depths:4
Ziggurat: Depths:4

Annotations:
D:10 exclusion: orange crystal statue
Depths:2 2 transporters, Woajiof's ghost, veteran MiCA
Zot:1 4 transporters


Innate Abilities, Weirdness & Mutations

You have a pair of horns on your head.
You reflexively headbutt those who attack you in melee.


Message History

You slice the soul eater!!
You kill the soul eater!
Okawaru accepts your kill.
The demonspawn blood saint calls on the powers of chaos!
The demonspawn corrupter suddenly seems more resistant.
The war gargoyle seems to speed up.
The ironbound thunderhulk seems to grow stronger.
The demonspawn black sun's willpower is stripped away!
The demonspawn corrupter calls forth creatures from the Abyss!
You block the demonspawn blood saint's attack.
You closely miss the demonspawn blood saint.
Your headbutt misses the demonspawn blood saint.
The demonspawn corrupter calls forth creatures from the Crypt!
The demonspawn blood saint conjures a destructive force in the name of Makhleb!
The fireball explodes!
The fireball engulfs you. You resist.
The fireball explodes!
The fireball engulfs you! You resist.
A starcursed mass splits. x2
A chorus of shrieks assaults your mind.
A starcursed mass splits. x2
The war gargoyle launches metal splinters at you.
You block the spray of metal splinters.
The war gargoyle launches metal splinters at you.
You block the spray of metal splinters.
A starcursed mass splits. x2
A deafening chorus of shrieks assaults your mind!
A starcursed mass splits.
The starcursed mass disappears in a puff of smoke!
The war gargoyle launches metal splinters at you.
You block the spray of metal splinters.
The jackal barks!
You hear a bark!
The demonspawn blood saint conjures a destructive force in the name of Makhleb!
The fireball explodes!
The fireball engulfs you. You resist.
The mass of ice explodes!
The iceblast engulfs you! You partially resist.
The war gargoyle disappears in a puff of smoke!
The apocalypse crab disappears in a puff of smoke!
There is a staircase leading out of the dungeon here.
Press: ? - help, v - describe, . - travel A staircase leading out of the dungeon.
This square is covered in magical glow.
Unknown command.
You have escaped!

##### #...# #.#.## ######
#.#..## #..... #..#..# #.##.#
##.#..#########♣♣♣♣### #.###.
#....+..§....##§§...# ###..##.
##..§#§§§.§.6.###.#.#####...####
#.)X§§§.2§.6..@###.........#.#.
#..§#§2§§§..§###......#........
#.XX§..§§§..##§.......36.......
#.X.#########♣♣♣♣.....#.......÷
#X6J# #......h.............#.
##O.# #..............##...##.
##.# #........h.........###.
#6## #......h.h.h.6........)
#..# ######..h62....###.###.


You could see a demonspawn blood saint, a demonspawn black sun (strong,
weak-willed) and a shadow demon (strong, agile).

Vanquished Creatures
  the Royal Jelly (Slime:5)
  Frederick (Depths:4)
  4 dread liches
  5 ancient liches
  3 orbs of fire (Arena)
  Mennas (Arena)
  Xtahua (Vaults:2)
  Sojobo (Depths:4)
  Bai Suzhen (Spider:2)
  Parghit (Zot:2)
  3 Killer Klowns (Zot:5)
  A pandemonium lord (D:1)
  Saint Roka (Vaults:3)
  8 golden dragons
  5 caustic shrikes (Depths:4)
  2 curse toes
  Nikola (Elf:2)
  A mutant beast (WizLab)
  5 bone dragons
  2 doom hounds (Crypt:1)
  A Brimstone Fiend (Crypt:1)
  2 electric golems (Zot:5)
  2 Tzitzimimeh
  20 tentacled monstrosities
  Jorgrun (Orc:2)
  2 hellephants (Depths:3)
  2 Ice Fiends
  30 Orb Guardians
  Grunn (Crypt:1)
  A walking crystal tome (Depths:3)
  9 quicksilver dragons
  5 deep elf blademasters
  3 deep elf master archers
  6 titans
  8 liches
  6 sphinxes
  12 acid blobs
  An ancient champion (Crypt:3)
  7 tentacled starspawn (Abyss:3)
  A kraken (Abyss:3)
  7 death cobs
  A daeva (Abyss:3)
  4 protean progenitors
  9 tengu reavers
  8 rockslimes
  3 revenants
  9 shadow dragons
  10 storm dragons
  9 fire giants
  14 azure jellies
  2 draconian monks
  A draconian knight (Zot:5)
  7 emperor scorpions
  3 draconian shifters
  2 iron dragons
  22 vault wardens
  2 imperial myrmidons (Desolation)
  6 frost giants
  The ghost of Aqepri the Eclecticist, an adept SpFi of Okawaru (Elf:1)
  9 draconian stormcallers
  7 draconian scorchers
  4 ghouls
  The ghost of Loakagen the Warrior, a journeyman MiFi of Okawaru (Lair:5)
  3 curse skulls
  7 deep elf sorcerers
  5 deep elf elementalists (Elf:3)
  12 ghost moths
  3 balrugs
  2 reapers
  20 stone giants
  A draconian annihilator (Zot:5)
  2 orc warlords
  37 very ugly things
  9 ironbound thunderhulks
  16 quicksilver oozes
  20 ironbound preservers
  7 deep elf demonologists
  2 eleionomae
  5 broodmothers
  2 spriggan defenders (Depths:3)
  8 formless jellyfish
  4 deep elf annihilators
  11 vampire knights
  4 black draconians
  A putrid mouth (Vaults:3)
  14 deep elf death magi
  10 green draconians
  4 bunyips
  2 halazid warlocks (Desolation)
  5 yellow draconians
  2 lorocyprocas
  Azrael (Spider:2)
  19 dire elephants
  A war gargoyle (Vaults:5)
  8 spark wasps
  7 red draconians
  5 purple draconians
  8 white draconians
  A blizzard demon (Abyss:3)
  An eidolon (Crypt:1)
  4 crystal guardians
  A green death (Abyss:3)
  13 ettins
  5 fire dragons
  Snorg (Lair:5)
  3 shambling mangroves
  14 jiangshi
  Fannar (Orc:1)
  12 yaktaur captains
  8 servants of whispers (Desolation)
  7 deep elf high priests
  8 ragged hierophants (Desolation)
  A salamander tyrant (Depths:2)
  7 entropy weavers
  14 peacekeepers
  7 ice dragons
  20 hydras
  2 alligators
  A catoblepas (Lair:4)
  A caustic shrike simulacrum (Abyss:3)
  3 rakshasas
  A spectral spriggan (Crypt:3)
  37 vault guards
  9 spriggan air magi
  13 great orbs of eyes
  7 ogre magi
  17 centaur warriors
  6 ironbound frosthearts
  2 jorogumos (Spider:4)
  8 radroaches
  20 dancing weapons
  3 ghost crabs
  21 two-headed ogres
  4 death yaks
  5 death knights
  3 deep troll shamans
  5 tengu warriors
  11 boulder beetles
  A shock serpent (shapeshifter) (WizLab)
  10 vampire magi
  7 orc high priests
  3 hell hogs (Abyss:3)
  11 demonic crawlers
  5 spriggan berserkers
  4 occultists (Depths:2)
  8 deep troll earth magi
  A titan zombie (Crypt:3)
  3 soul eaters
  Sonja (Lair:5)
  16 spriggans
  10 thrashing horrors (Abyss:3)
  22 deep elf knights
  6 sun demons
  A skyshark (shapeshifter) (Depths:2)
  Urug (Lair:1)
  10 hell knights
  6 pharaoh ants
  A storm dragon zombie (Crypt:2)
  A fire crab (shapeshifter) (WizLab)
  2 fire crabs (Abyss:3)
  2 salamander mystics (Depths:4)
  10 wretched stars
  Lodul (D:12)
  A titan skeleton (Depths:2)
  A sea snake (shapeshifter) (Depths:2)
  3 sixfirhies (Abyss:3)
  17 shadow wraiths
  7 goliath frogs
  12 iron trolls
  2 sun moths (shapeshifter) (WizLab)
  10 deep elf archers
  A bunyip zombie (Crypt:1)
  2 mana vipers (shapeshifter)
  9 glowing orange brains
  13 skeletal warriors
  11 flayed ghosts
  2 orb spiders (shapeshifter)
  2 shadow demons
  55 deep trolls
  7 orb spiders
  An orange crystal statue (D:13)
  Pikel (D:4)
  27 large abominations
  15 swamp dragons
  8 bog bodies
  5 spriggan druids
  2 deep trolls (shapeshifter)
  33 phantasmal warriors
  12 lindwurms
  8 arcanists
  6 thermic dynamos
  7 necromancers
  9 steelbarb worms
  18 ironbound convokers
  13 orc knights
  31 deep elf pyromancers
  2 orc sorcerers
  39 ugly things
  5 obsidian bats
  18 deep elf zephyrmancers
  A stone giant zombie (Crypt:1)
  A glowing shapeshifter (Vaults:5)
  2 frost giant zombies (Depths:1)
  A manticore (shapeshifter) (Vaults:5)
  9 shining eyes
  20 wolf spiders
  3 manticores
  10 salamanders
  A salamander (shapeshifter) (WizLab)
  6 will-o-the-wisps
  Maurice (D:7)
  A worldbinder (Abyss:3)
  A meliai (shapeshifter) (WizLab)
  6 cyclopes
  9 meliai
  A toenail golem (D:1)
  2 tengu skeletons
  A centaur zombie (Abyss:3)
  A guardian serpent (shapeshifter) (WizLab)
  6 elephants (Lair:4)
  2 frost giant skeletons
  2 guardian serpents (Desolation)
  2 black mambas
  A naga zombie (Crypt:1)
  A black mamba (shapeshifter) (Abyss:3)
  3 molten gargoyles (Desolation)
  A stone giant skeleton (Crypt:3)
  A titan simulacrum (Depths:3)
  4 apocalypse crabs (Abyss:3)
  A fire giant skeleton (Crypt:1)
  3 ice statues (IceCv)
  2 kobold blastminers (Orc:1)
  28 moths of wrath
  A water nymph (shapeshifter) (Vaults:5)
  18 vault sentinels
  2 orange demons
  A torpor snail (shapeshifter) (Vaults:5)
  2 eyes of devastation
  A gargoyle (D:12)
  A green draconian zombie (Crypt:2)
  11 torpor snails
  7 smoke demons
  A hellion (Abyss:3)
  A dire elephant skeleton (Crypt:2)
  A red draconian zombie (Crypt:1)
  Maggie (D:7)
  13 cane toads
  A purple draconian zombie (Crypt:2)
  A rime drake (shapeshifter) (Abyss:3)
  A grey draconian zombie (Crypt:2)
  3 kobold demonologists
  A white draconian zombie (Crypt:3)
  An efreet (Abyss:3)
  A spriggan zombie (Depths:2)
  An unseen horror (D:13)
  9 freezing wraiths
  A sea snake zombie (Crypt:2)
  2 rime drakes
  33 yaktaurs
  An ice devil (Depths:1)
  8 komodo dragons
  A spectral harpy (Crypt:3)
  3 tengu conjurers
  A queen bee (shapeshifter) (WizLab)
  A catoblepas skeleton (Crypt:1)
  9 trolls
  6 ancient zymes (Abyss:3)
  8 tyrant leeches
  A hellwing (Depths:4)
  2 red devils
  A death drake skeleton (Crypt:1)
  A polar bear (Lair:3)
  31 hornets
  Grinder (D:4)
  6 glass eyes
  A hydra skeleton (Abyss:3)
  30 jumping spiders
  26 tarantellas
  A merfolk (shapeshifter) (Abyss:3)
  71 saltlings (Desolation)
  5 dream sheep (Lair:5)
  7 blink frogs (Lair:5)
  A snapping turtle (shapeshifter) (WizLab)
  A glass eye (shapeshifter) (WizLab)
  3 harpy skeletons
  A slime creature (shapeshifter) (WizLab)
  A human simulacrum (Vaults:3)
  26 raiju
  2 air elementals (Elf:3)
  An ettin skeleton (Abyss:3)
  97 slime creatures
  2 spriggan skeletons (Depths:1)
  Sigmund (D:4)
  3 wyverns
  9 shadows
  9 wraiths
  10 water elementals
  57 yaks
  21 culicivoras
  A dire elephant simulacrum (Abyss:3)
  7 fire elementals
  4 vampires
  7 ynoxinuls (Abyss:3)
  A basilisk (shapeshifter) (WizLab)
  An alligator snapping turtle simulacrum (Crypt:1)
  4 basilisks
  2 wargs (Orc:1)
  A hog (shapeshifter) (D:15)
  5 golden eyes (Slime:2)
  22 starcursed masses (Abyss:3)
  51 redbacks
  19 vampire mosquitoes
  5 neqoxecs (Abyss:3)
  3 acid dragons
  A death yak simulacrum (Orc:2)
  6 chaos spawn
  An iron golem (WizLab)
  16 swamp worms
  A human zombie (Depths:2)
  6 hell hounds
  3 great orb of eyes simulacra (IceCv)
  7 water moccasins
  9 swamp drakes
  50 orc warriors
  A water nymph skeleton (Crypt:1)
  3 ice beasts
  2 sky beasts (D:8)
  A sky beast (shapeshifter) (Elf:1)
  42 laughing skulls
  3 black bears
  An ice beast (shapeshifter) (Elf:2)
  16 ogres
  11 wolves (Lair:5)
  3 boggarts
  A lindwurm skeleton (Crypt:1)
  11 centaurs
  A rime drake zombie (Crypt:1)
  7 phantoms
  6 slime creature simulacra (IceCv)
  2 kobold brigands
  4 lemures
  A rime drake skeleton (Crypt:3)
  7 bullfrogs
  17 weeping skulls
  5 brain worms (Abyss:3)
  14 small abominations
  8 scorpions
  5 glowing shapeshifter simulacra (IceCv)
  A cane toad simulacrum (Orc:2)
  A gnoll sergeant (D:11)
  An earth elemental (Elf:3)
  A salamander skeleton (Crypt:3)
  A yaktaur skeleton (Crypt:2)
  11 wights
  2 troll zombies (Swamp:3)
  2 troll skeletons (Swamp:3)
  2 electric eels
  6 howler monkeys
  A quasit (Abyss:3)
  A basilisk zombie (Crypt:3)
  4 hounds
  4 jellies
  Crazy Yiuf (D:4)
  38 orc priests
  A gnoll bouda (D:5)
  An iron imp (Abyss:3)
  A black bear skeleton (Crypt:2)
  Terence (D:2)
  6 hell rats (Lair:1)
  7 iguanas
  33 orc wizards
  3 troll simulacra (Orc:2)
  A polar bear simulacrum (Orc:2)
  A shapeshifter simulacrum (IceCv)
  Robin (D:2)
  7 adders
  14 gnolls
  2 naga simulacra (Orc:2)
  2 shadow imps
  4 white imps
  A ribbon worm zombie (Crypt:3)
  13 ufetubi
  An iguana zombie (Crypt:2)
  A dart slug (D:1)
  4 ribbon worms
  94 orcs
  9 endoplasms
  4 giant cockroaches
  19 goblins
  26 hobgoblins
  A jackal (D:5)
  11 kobolds
  8 quokkas
  5 ball pythons
  5 bats (D:1)
  A frilled lizard (D:1)
  A frilled lizard zombie (Crypt:1)
  A jackal zombie (Crypt:1)
  2 rats
  A butterfly (Lair:4)
  A lurking horror (Abyss:3)
  A spectral weapon (Spider:2)
  3 starspawn tentacles (Abyss:3)
  3 tentacles (Abyss:3)
2941 creatures vanquished.

Vanquished Creatures (others)
  A shadow dragon (Zot:5)
  A fire giant (Depths:4)
  An ironbound preserver (Vaults:5)
  A vampire knight (Crypt:1)
  An ice dragon (Depths:4)
  An ogre mage (Vaults:5)
  A deep elf knight (Elf:2)
  An orb spider (Spider:4)
  A spriggan druid (Swamp:2)
  A bog body (Swamp:2)
  A wolf spider (Spider:1)
  2 deep elf pyromancers (Elf:2)
  2 deep elf zephyrmancers
  An ugly thing (Depths:3)
  A guardian serpent (Desolation)
  4 bloated husks
  A spriggan (Swamp:1)
  A water elemental (Elf:3)
  A redback (Spider:4)
  A vampire mosquito (Swamp:2)
  A swamp worm (Swamp:4)
  A laughing skull (Crypt:1)
  An ice beast (Abyss:3)
  20 foxfires
  2 lurking horrors (Abyss:3)
  14 starspawn tentacles (Abyss:3)
  5 tentacles (Abyss:3)
69 creatures vanquished.

Grand Total: 3010 creatures vanquished

Notes
Turn   | Place    | Note
-------+----------+-------------------------------------------
     0 | D:1      | Loakagen the Minotaur Fighter began the quest for the Orb.
     0 | D:1      | Reached XP level 1. HP: 19/19 MP: 0/0
   150 | D:1      | Reached XP level 2. HP: 25/27 MP: 1/1
   564 | D:2      | Reached XP level 3. HP: 33/33 MP: 2/2
   574 | D:2      | Noticed Terence
   587 | D:2      | Killed Terence
   766 | D:2      | Noticed Robin
   768 | D:2      | Reached XP level 4. HP: 41/41 MP: 3/3
   776 | D:2      | Killed Robin
  1350 | D:3      | Reached skill level 5 in Fighting
  1756 | D:4      | Noticed Sigmund
  1756 | D:4      | Noticed Pikel
  1756 | D:4      | Noticed a lemure
  1756 | D:4      | Noticed a lemure
  1756 | D:4      | Noticed a lemure
  1756 | D:4      | Noticed a lemure
  1761 | D:3      | Killed a lemure
  1826 | D:4      | Noticed Grinder
  1838 | D:4      | Found a staircase to the Ecumenical Temple.
  1839 | D:4      | Noticed a phantom
  1846 | D:4      | Killed a phantom
  1847 | D:4      | Reached XP level 5. HP: 47/49 MP: 2/4
  1853 | Temple   | Entered the Ecumenical Temple
  1868 | D:5      | Entered Level 5 of the Dungeon
  1871 | D:5      | Reached skill level 5 in Axes
  1894 | D:5      | Reached XP level 6. HP: 19/57 MP: 2/5
  2470 | D:5      | Found Keosuaf's Distillery.
  2478 | D:5      | Bought a potion of degeneration for 14 gold pieces
  2667 | D:5      | Reached XP level 7. HP: 38/66 MP: 3/6
  2977 | D:5      | Reached XP level 8. HP: 65/75 MP: 5/7
  3619 | D:6      | Reached skill level 1 in Throwing
  3920 | D:6      | Reached skill level 10 in Fighting
  4122 | D:6      | Reached XP level 9. HP: 85/85 MP: 8/8
  4171 | D:6      | Found a shimmering altar of Xom.
  4177 | D:6      | Found a broken altar of Ashenzari.
  4182 | D:6      | Found an ancient bone altar of Kikubaaqudgha.
  4416 | D:7      | Paralysed by a hornet for 2 turns
  4418 | D:7      | HP: 1/85 [hornet (10)]
  4702 | D:7      | Reached skill level 10 in Axes
  4903 | D:7      | Noticed Maurice
  4913 | D:7      | Maurice stole a ring of resist corrosion
  4925 | D:7      | Maurice stole 390 gold
  4931 | D:7      | Killed Maurice
  4932 | D:7      | Reached skill level 5 in Armour
  5086 | D:7      | Noticed Maggie
  5210 | D:4      | Found Cal Otu's Assorted Antiques.
  5267 | D:4      | Killed Grinder
  5317 | D:4      | Found a runed translucent door.
  5318 | D:4      | Noticed Crazy Yiuf
  5346 | D:4      | Killed Sigmund
  5647 | D:4      | Killed Pikel
  5744 | D:4      | Found an iron altar of Okawaru.
  5946 | D:4      | Killed Crazy Yiuf
  6174 | D:4      | Became a worshipper of Warmaster Okawaru
  6258 | D:7      | Reached XP level 10. HP: 96/96 MP: 9/9
  6317 | D:7      | Killed Maggie
  6498 | D:7      | Found a shimmering blue altar of Sif Muna.
  6730 | D:8      | Reached * piety under Okawaru
  7662 | D:9      | Reached ** piety under Okawaru
  7920 | D:9      | Noticed a two-headed ogre
  7929 | D:9      | Killed a two-headed ogre
  8066 | D:9      | Found a staircase to the Lair.
  8592 | D:10     | Entered Level 10 of the Dungeon
  8625 | D:10     | Reached *** piety under Okawaru
  8700 | D:10     | Noticed an orange crystal statue
  8883 | D:10     | Found a flagged portal.
  8955 | Bailey   | Entered a bailey
  9115 | Bailey   | Reached XP level 11. HP: 88/107 MP: 8/10
  9194 | Bailey   | Noticed an orc knight
  9228 | Bailey   | Killed an orc knight
  9229 | Bailey   | Reached skill level 1 in Invocations
  9975 | Bailey   | Noticed an orc warlord
 10214 | Bailey   | Killed an orc warlord
 10218 | Bailey   | Found the +0 pair of fencer's gloves {Riposte Dex+3}
 10334 | Bailey   | Got the Folio of the Traveller
 10820 | D:10     | Reached skill level 10 in Armour
 11322 | D:11     | Found a staircase to the Orcish Mines.
 11377 | Lair:1   | Entered Level 1 of the Lair of Beasts
 11746 | Lair:1   | Reached **** piety under Okawaru
 11898 | Lair:1   | Noticed Urug
 11907 | Lair:1   | Killed Urug
 11972 | Lair:1   | Reached skill level 5 in Invocations
 11972 | Lair:1   | Reached XP level 12. HP: 118/118 MP: 12/14
 13120 | Lair:3   | Noticed a six-headed hydra
 13126 | Lair:3   | Killed a six-headed hydra
 13298 | Lair:3   | Found a hole to the Spider Nest.
 13412 | Lair:3   | Reached ***** piety under Okawaru
 13609 | Lair:3   | Found a staircase to the Swamp.
 13629 | Lair:3   | Reached XP level 13. HP: 93/125 MP: 11/16
 14564 | Lair:4   | Reached skill level 15 in Fighting
 14703 | Lair:4   | Received a gift from Okawaru
 15785 | Lair:5   | Entered Level 5 of the Lair of Beasts
 15798 | Lair:4   | Reached skill level 15 in Axes
 15801 | Lair:4   | Reached skill level 5 in Throwing
 16073 | Lair:5   | Received a gift from Okawaru
 16231 | Lair:5   | Found a staircase to the Slime Pits.
 16238 | Lair:5   | Noticed Sonja
 16253 | Lair:5   | Killed Sonja
 16684 | Lair:5   | Reached ****** piety under Okawaru
 16684 | Lair:5   | Received a gift from Okawaru
 16790 | Lair:5   | Acquired a +3 broad axe of flaming
 16790 | Lair:5   | Received a gift from Okawaru
 16804 | Lair:5   | Acquired the +6 crystal plate armour of the Vaults {rF+
                  | MP+9 Dex+2}
 16804 | Lair:5   | Received a gift from Okawaru
 16875 | Lair:5   | Reached XP level 14. HP: 136/136 MP: 18/18
 17003 | Lair:5   | Found a runed translucent door.
 17013 | Lair:5   | Identified the +11 trident "Xozouf" {venom, rElec Will+}
 17013 | Lair:5   | Noticed Loakagen's ghost (journeyman MiFi)
 17229 | Lair:5   | Noticed Snorg
 17238 | Lair:5   | Killed Snorg
 17239 | Lair:5   | Received a gift from Okawaru
 18478 | Lair:5   | Killed Loakagen's ghost
 18617 | Lair:5   | Identified the ring of Finality {Fire Str+6 Stlth+}
 19288 | D:11     | Identified 2 scrolls of acquirement
 19288 | D:11     | Acquired the ring "Jeixt" {rC+ Will+ Int+2 Dex-4}
 19291 | D:11     | Acquired 279 gold pieces
 19331 | Orc:1    | Entered Level 1 of the Orcish Mines
 19335 | Orc:1    | Found Yrocw's Book Shoppe.
 19604 | Orc:1    | Received a gift from Okawaru
 19621 | Orc:1    | Noticed Fannar
 19640 | Orc:1    | Killed Fannar
 19894 | Orc:1    | Found Mittiups's Distillery.
 20023 | Orc:1    | Found Qelob's Distillery.
 20068 | Orc:1    | Found Neekiph's General Store.
 20124 | Orc:2    | Entered Level 2 of the Orcish Mines
 20146 | Orc:2    | Found a staircase to the Elven Halls.
 20265 | Orc:2    | Noticed Jorgrun
 20282 | Orc:2    | Killed Jorgrun
 20288 | Orc:2    | Found a frozen archway.
 20310 | IceCv    | Entered an ice cave
 20327 | IceCv    | Noticed a quicksilver ooze
 20334 | IceCv    | Killed a quicksilver ooze
 20334 | IceCv    | Received a gift from Okawaru
 20673 | IceCv    | Reached XP level 15. HP: 86/147 MP: 21/21
 20776 | IceCv    | Found a viscous altar of Jiyva.
 20776 | IceCv    | Noticed an azure jelly
 20789 | IceCv    | Killed an azure jelly
 20859 | IceCv    | Identified the +2 leather armour of Bofusylu {rN+ Str-2
                  | Int+3}
 21239 | Orc:2    | Received a gift from Okawaru
 21247 | Orc:2    | Reached skill level 10 in Invocations
 21767 | Orc:2    | Reached skill level 15 in Armour
 21894 | Orc:2    | Found Mackimait's General Store.
 21894 | Orc:2    | Found Copnael's Distillery.
 21895 | Orc:2    | Found Juciheull's Antique Weapon Boutique.
 21895 | Orc:2    | Found Qieteegg's Jewellery Shop.
 21957 | Orc:2    | Bought the macabre finger necklace {Finger+ rN+} for 520
                  | gold pieces
 21957 | Orc:2    | Found the macabre finger necklace {Finger+ rN+}
 21964 | Orc:2    | Bought the ring "Palyrirch" {rF+ Str+6 Int+5} for 786 gold
                  | pieces
 22277 | D:12     | Found an opulent altar of Gozag.
 22299 | D:12     | Noticed Lodul
 22303 | D:12     | Received a gift from Okawaru
 22308 | D:12     | Killed Lodul
 23794 | D:13     | Found the +10 Black Knight's barding {ponderous, rPois rN+}
 23843 | D:13     | Received a gift from Okawaru
 24763 | D:14     | Reached skill level 10 in Shields
 25209 | D:14     | Found a broken altar of Ashenzari.
 25307 | D:14     | Received a gift from Okawaru
 25348 | D:14     | Found a gate to the Vaults.
 25455 | D:14     | Reached XP level 16. HP: 134/157 MP: 23/23
 25965 | D:15     | Entered Level 15 of the Dungeon
 26176 | D:15     | Found a staircase to the Depths.
 26422 | D:15     | Received a gift from Okawaru
 26754 | D:15     | Found a stormy altar of Qazlal.
 27333 | Spider:1 | Entered Level 1 of the Spider Nest
 27896 | Spider:1 | Received a gift from Okawaru
 28347 | Spider:1 | Identified the +11 glaive of the Endless March {protect,
                  | SInv}
 28881 | Spider:2 | Noticed Azrael
 28891 | Spider:2 | Killed Azrael
 29482 | Spider:2 | Received a gift from Okawaru
 30040 | Spider:3 | Noticed Bai Suzhen
 30310 | Spider:2 | Killed Bai Suzhen
 30518 | Spider:3 | Reached XP level 17. HP: 168/168 MP: 25/25
 32170 | Spider:4 | Entered Level 4 of the Spider Nest
 32177 | Spider:4 | Received a gift from Okawaru
 33231 | Spider:4 | Gained mutation: Your magical capacity is low. (-10% MP)
                  | [mutagenic glow]
 33628 | Spider:4 | Received a gift from Okawaru
 35014 | Spider:3 | Received a gift from Okawaru
 36117 | Spider:4 | Got a gossamer rune of Zot
 36495 | Swamp:1  | Entered Level 1 of the Swamp
 36509 | Lair:3   | Reached XP level 18. HP: 170/182 MP: 23/23
 36584 | Swamp:1  | Received a gift from Okawaru
 36989 | Swamp:1  | You fall into a shaft and drop 1 floor!
 37296 | Swamp:2  | Found an ancient bone altar of Kikubaaqudgha.
 37532 | Swamp:2  | Received a gift from Okawaru
 39047 | Swamp:3  | Noticed a tentacled monstrosity
 39067 | Swamp:3  | Killed a tentacled monstrosity
 39122 | Swamp:4  | Entered Level 4 of the Swamp
 39246 | Swamp:4  | Received a gift from Okawaru
 39600 | Swamp:4  | Received a gift from Okawaru
 39731 | Swamp:4  | Got a decaying rune of Zot
 40115 | Vaults:1 | Entered Level 1 of the Vaults
 40240 | Vaults:1 | Reached skill level 1 in Dodging
 40673 | Vaults:1 | Received a gift from Okawaru
 40801 | Vaults:1 | Got the Cyclopedia of Transposition
 40918 | Vaults:1 | Reached XP level 19. HP: 193/193 MP: 24/24
 41343 | Vaults:1 | Received a gift from Okawaru
 41462 | Vaults:1 | Found Yqerog's Assorted Antiques.
 41469 | Vaults:1 | Bought a scroll of blinking for 165 gold pieces
 41875 | Vaults:2 | Found a magical portal.
 41886 | WizLab   | Entered Cigotuvi's Fleshworks
 41960 | WizLab   | Reached skill level 5 in Dodging
 42607 | WizLab   | Received a gift from Okawaru
 42688 | WizLab   | Found the +4 Cigotuvi's embrace {Corpsefed rMiasma ^Drain
                  | rN+}
 42880 | WizLab   | Identified the flux talisman of Creativity {rPois Will+
                  | Str+2}
 42885 | WizLab   | Got Cigotuvi's Exposition on the Elixir and Zombies
 42886 | WizLab   | Identified the maw talisman of Violets {rCorr Str+2}
 43294 | Vaults:2 | Noticed Xtahua
 43302 | Vaults:2 | Paralysed by Xtahua for 4 turns
 43325 | Vaults:2 | Killed Xtahua
 43325 | Vaults:2 | Received a gift from Okawaru
 43606 | Vaults:2 | Reached skill level 15 in Shields
 44360 | Vaults:3 | Received a gift from Okawaru
 44380 | Vaults:3 | Noticed Mennas
 44403 | Arena    | Entered the Arena
 44429 | Arena    | Killed Mennas
 44467 | Vaults:3 | Noticed Saint Roka
 44497 | Vaults:3 | Reached XP level 20. HP: 18/209 MP: 25/25
 44497 | Arena    | Entered the Arena
 44530 | Vaults:3 | Killed Saint Roka
 44935 | Vaults:3 | Found Urriuca's Distillery.
 44941 | Vaults:3 | Received a gift from Okawaru
 45015 | Vaults:3 | Bought 2 potions of resistance for 380 gold pieces
 45015 | Vaults:3 | Bought a potion of haste for 190 gold pieces
 45609 | Vaults:3 | Found a staircase to the Crypt.
 46242 | Vaults:4 | Received a gift from Okawaru
 46662 | Vaults:4 | Reached skill level 10 in Dodging
 46809 | Vaults:4 | Received a gift from Okawaru
 47738 | Vaults:5 | Entered Level 5 of the Vaults
 47757 | Vaults:5 | Reached XP level 21. HP: 219/222 MP: 26/26
 47772 | Vaults:5 | Received a gift from Okawaru
 47811 | Vaults:5 | Noticed a golden dragon
 47823 | Vaults:5 | Noticed a dread lich
 47831 | Vaults:5 | Killed a golden dragon
 47848 | Vaults:5 | Killed a dread lich
 47860 | Vaults:5 | Received a gift from Okawaru
 48648 | Vaults:5 | Identified the +6 scimitar "Touckecsue" {freeze, MP+9
                  | Dex+5}
 48902 | Vaults:4 | Reached skill level 27 in Fighting
 49689 | Vaults:5 | Received a gift from Okawaru
 50656 | Vaults:5 | Received a gift from Okawaru
 51463 | Vaults:5 | Got a silver rune of Zot
 51523 | Vaults:5 | Identified the dragon-blood talisman "Kanoskealu" {rC++}
 51601 | Vaults:5 | Got the Quarto of the Pyre
 51749 | Vaults:5 | Identified the staff "Piuvoqar" {^Drain rN+ Int+6 Hexes
                  | Necro Fire}
 51750 | Vaults:5 | Identified the dragon-blood talisman of Mysticism {rElec
                  | Dex+2}
 51753 | Vaults:5 | Got the Compendium of Frigorific Heat
 51767 | Vaults:5 | Identified the +1 falchion "Xyehick" {protect, rN+ Will+}
 52004 | Elf:1    | Entered Level 1 of the Elven Halls
 52004 | Elf:1    | Found Abeng's Magic Scroll Boutique.
 52023 | Elf:1    | Reached XP level 22. HP: 166/233 MP: 27/27
 52048 | Elf:1    | Reached skill level 1 in Evocations
 52233 | Elf:1    | Found Xiuniyne's Distillery.
 52330 | Elf:1    | Found Souby's Weapon Emporium.
 52367 | Elf:1    | Found a crumbling gateway.
 52392 | Desolati | Entered the Desolation of Salt
 52512 | Desolati | Received a gift from Okawaru
 52650 | Desolati | Identified the amulet "Hidghet" {Acrobat Will- Str+7 Int+2}
 52655 | Desolati | Identified the ring of Modesty {rElec Str+6 Dex+3 Slay-2
                  | Stlth+}
 52658 | Desolati | Got the Directory of Vapour
 52732 | Desolati | Found the +8 whip "Snakebite" {venom, curare, rPois}
 52937 | Desolati | Identified the +0 lajatang "Civvor" {heavy, rC++ Str+3
                  | Int-2}
 52951 | Desolati | Received a gift from Okawaru
 53309 | Desolati | Identified the +0 plate armour of Peacet {rF+ SInv}
 53606 | Desolati | Identified the ring "Ceas" {Str+4 Int+4 Dex-2 SInv}
 53620 | Desolati | Identified the ring "Wedadu" {Fly rPois rN+++ Int-5 Slay-6}
 53670 | Desolati | Identified the amulet of Ifaso {Acrobat rF- Will+ Int+4}
 54179 | Elf:1    | Found Qyoduett's Antique Weapon Emporium.
 54363 | Elf:1    | Found a large runed translucent door.
 54365 | Elf:1    | Found a large runed translucent door.
 54369 | Elf:1    | Noticed Aqepri's ghost (adept SpFi)
 54392 | Elf:1    | Killed Aqepri's ghost
 54452 | Elf:1    | Bought a potion of ambrosia for 136 gold pieces
 54484 | Elf:2    | Found Efelip Hyhai's CLEARANCE SALE!.
 54594 | Elf:2    | Found a huge runed translucent gate.
 54594 | Elf:2    | Found a huge runed translucent gate.
 54605 | Elf:2    | Found a huge runed translucent gate.
 54761 | Elf:2    | Found Zaidycva's Assorted Antiques.
 54905 | Elf:2    | Noticed Nikola
 54915 | Elf:2    | Killed Nikola
 54915 | Elf:2    | Received a gift from Okawaru
 55146 | Elf:2    | Found a huge runed translucent gate.
 55146 | Elf:2    | Found a huge runed translucent gate.
 55393 | Elf:2    | Reached skill level 5 in Evocations
 55692 | Elf:3    | Entered Level 3 of the Elven Halls
 56050 | Elf:3    | Paralysed by an air elemental for 1 turns
 56491 | Elf:3    | Reached XP level 23. HP: 240/240 MP: 28/28
 56646 | Elf:3    | Received a gift from Okawaru
 57110 | Elf:3    | Identified the ring "Zixza" {Wiz rN+ Stlth+}
 57126 | Elf:3    | Identified the +4 battleaxe "Oseymuno" {flame, *Noise
                  | Will++ SInv Stlth+}
 57134 | Elf:3    | Reached skill level 10 in Throwing
 57151 | Elf:3    | Identified the staff of the Doomed Warrior {^Drain rC+
                  | Will+ Dex+4 Ice}
 57217 | Elf:3    | Identified the ring "Xiuf" {Fly rF+ rCorr Stlth+}
 57235 | Elf:3    | Identified the +2 scale mail of Ejafom {rPois}
 57391 | Elf:3    | Identified the +7 glaive of Circularity {freeze, rElec
                  | Int+4 Dex+2}
 57454 | Elf:3    | Got the Guidebook on Azoth and the Shot
 57695 | Depths:1 | Entered Level 1 of the Depths
 57775 | Depths:1 | Received a gift from Okawaru
 58333 | Depths:1 | Found Winonama's Book Boutique.
 58650 | Depths:1 | Found a gateway to Hell.
 58815 | Depths:2 | Found Jiniomn's General Store.
 58823 | Depths:2 | Found a transporter.
 58826 | Depths:2 | Found a transporter.
 58827 | Depths:2 | Found a bloodstained altar of Trog.
 58852 | Depths:2 | Noticed Woajiof's ghost (veteran MiCA)
 58853 | Depths:2 | Noticed a juggernaut
 58956 | Depths:2 | Found Yteth's Armour Shoppe.
 59197 | Depths:2 | Received a gift from Okawaru
 59309 | Depths:2 | Found Joux Nuz's Antique Weapon Emporium.
 59409 | Depths:2 | Found Biguxt Wuove's Weapon Boutique.
 59890 | Depths:2 | Found a one-way gate leading to the halls of Pandemonium.
 59898 | Depths:2 | Found a transporter.
 59902 | Depths:2 | Found a shimmering blue altar of Sif Muna.
 60500 | Depths:2 | Found a transporter.
 60796 | Depths:3 | Received a gift from Okawaru
 61049 | Depths:3 | Reached skill level 27 in Armour
 61155 | Depths:3 | Reached XP level 24. HP: 249/249 MP: 28/28
 61448 | Depths:3 | Identified the +5 halberd of the Secret Runes {pain, rF+
                  | Dex+3}
 61557 | Depths:3 | Received a gift from Okawaru
 61715 | Depths:3 | Found an iron altar of Okawaru.
 61878 | Depths:3 | Found a one-way gate to the infinite horrors of the Abyss.
 62485 | Depths:3 | Identified the +11 lajatang "Pyebb" {venom, rC+ Int+2}
 62485 | Depths:3 | Identified the +1 shadow dragon scales "Okla" {^Contam rC++
                  | Stlth++++}
 62491 | Depths:3 | Identified the +12 longbow of Inference {freeze, rF+}
 62528 | Depths:3 | Received a gift from Okawaru
 63049 | Depths:4 | Entered Level 4 of the Depths
 63057 | Depths:4 | Found a one-way gateway to a ziggurat.
 63058 | Depths:4 | Identified the orb of Past Mistakes {light, rF+ rCorr}
 63058 | Depths:4 | Noticed Frederick
 63071 | Depths:4 | Killed Frederick
 63124 | Depths:4 | Found Nayrunir's Armour Boutique.
 63159 | Depths:4 | Found Basimaf's Book Boutique.
 63170 | Depths:4 | Bought the +3 pair of gauntlets of War {Slay+5} for 712
                  | gold pieces
 63170 | Depths:4 | Found the +3 pair of gauntlets of War {Slay+5}
 63870 | Depths:4 | Noticed Sojobo
 63882 | Depths:4 | Paralysed by an air elemental for 1 turns
 63899 | Depths:4 | Killed Sojobo
 64267 | Depths:4 | Found a gate to the Realm of Zot.
 64761 | Zot:1    | Entered Level 1 of the Realm of Zot
 65186 | Zot:1    | Reached skill level 1 in Stealth
 65292 | Zot:1    | Reached XP level 25. HP: 230/255 MP: 28/28
 65301 | Zot:1    | Received a gift from Okawaru
 65428 | Zot:1    | Found a transporter.
 65429 | Zot:1    | Found a transporter.
 65435 | Zot:1    | Found a transporter.
 65460 | Zot:1    | Found a transporter.
 66929 | Zot:2    | Noticed Parghit
 67678 | Zot:2    | Killed Parghit
 68187 | Elf:2    | Bought a scroll of enchant armour for 150 gold pieces
 68187 | Elf:2    | Bought a scroll of teleportation for 60 gold pieces
 68529 | Zot:3    | Noticed an ancient lich
 68536 | Zot:2    | Received a gift from Okawaru
 69018 | Zot:2    | Killed an ancient lich
 69698 | Zot:3    | Identified the +2 scale mail of Polish {MP+9 Dex+4}
 70007 | Zot:3    | Received a gift from Okawaru
 70873 | Zot:3    | Found a shimmering blue altar of Sif Muna.
 71343 | Zot:4    | Reached skill level 27 in Shields
 71515 | Zot:4    | Reached skill level 5 in Stealth
 71992 | Zot:4    | Received a gift from Okawaru
 73635 | Zot:5    | Entered Level 5 of the Realm of Zot
 74649 | Slime:1  | Entered Level 1 of the Pits of Slime
 74773 | Slime:1  | Found a viscous altar of Jiyva.
 74836 | Slime:1  | Reached XP level 26. HP: 266/266 MP: 29/29
 75250 | Slime:2  | Reached skill level 15 in Dodging
 75266 | Slime:2  | Paralysed by a formless jellyfish for 1 turns
 75270 | Slime:2  | Gained mutation: You are frail. (-10% HP) [a shining eye]
 75271 | Slime:2  | Gained mutation: You are occasionally teleported next to
                  | monsters. [a shining eye]
 75273 | Slime:2  | Gained mutation: You are weak. (Str -2) [a shining eye]
 75274 | Slime:2  | Gained mutation: You sometimes lose your temper in combat.
                  | [a shining eye]
 75291 | Slime:2  | Received a gift from Okawaru
 76190 | Slime:3  | Gained mutation: You are very weak. (Str -4) [a shining
                  | eye]
 76195 | Slime:3  | Gained mutation: Your spells are a little harder to cast,
                  | but a little more powerful. [a shining eye]
 76200 | Slime:3  | Gained mutation: Your magical capacity is very low. (-20%
                  | MP) [a shining eye]
 76256 | Slime:3  | Gained mutation: Your health recovers twice as slowly from
                  | being drained. [a shining eye]
 76257 | Slime:3  | Gained mutation: Your body sometimes deteriorates upon
                  | taking damage. [a shining eye]
 76259 | Slime:3  | Gained mutation: You have hidden genetic defects. [a
                  | shining eye]
 76779 | Slime:4  | Gained mutation: You have terrible hidden genetic defects.
                  | [a shining eye]
 77662 | Slime:5  | Entered Level 5 of the Pits of Slime
 77678 | Slime:5  | Noticed the Royal Jelly
 77694 | Slime:5  | Reached skill level 15 in Invocations
 77717 | Slime:5  | Killed the Royal Jelly
 78071 | Slime:5  | Got the Excursus on Scalding Ill Luck
 78089 | Slime:5  | Got a slimy rune of Zot
 78116 | Slime:5  | Gained mutation: You occasionally lose the ability to read
                  | scrolls when taking damage. [a shining eye]
 78152 | Slime:5  | Found the +7 lajatang of Order {silver, rMut}
 78173 | Slime:5  | Identified the +4 short sword of the Burning Whale {venom,
                  | rF+ Str+4}
 78176 | Slime:5  | Identified the +4 chain mail of Caxzeq {*Slow rF++ rCorr
                  | Int-2}
 78186 | Slime:5  | Identified the +0 leather armour "Giettoe" {rC+}
 78299 | Lair:5   | Lost mutation: You sometimes lose your temper in combat.
                  | [potion of mutation]
 78299 | Lair:5   | Lost mutation: Your magical capacity is very low. (-20% MP)
                  | [potion of mutation]
 78299 | Lair:5   | Lost mutation: Your spells are a little harder to cast, but
                  | a little more powerful. [potion of mutation]
 78299 | Lair:5   | Lost mutation: You have terrible hidden genetic defects.
                  | [potion of mutation]
 78299 | Lair:5   | Gained mutation: You have very sharp teeth. [potion of
                  | mutation]
 78300 | Lair:5   | Lost mutation: Your magical capacity is low. (-10% MP)
                  | [potion of mutation]
 78300 | Lair:5   | Lost mutation: You are frail. (-10% HP) [potion of
                  | mutation]
 78300 | Lair:5   | Gained mutation: You occasionally lose the ability to drink
                  | potions when taking damage. [potion of mutation]
 78300 | Lair:5   | Gained mutation: You are agile. (Dex +4, Str/Int -1)
                  | [potion of mutation]
 78301 | Lair:5   | Lost mutation: You occasionally lose the ability to drink
                  | potions when taking damage. [potion of mutation]
 78301 | Lair:5   | Lost mutation: You have hidden genetic defects. [potion of
                  | mutation]
 78301 | Lair:5   | Gained mutation: Your mind is acute. (Int +4, Str/Dex -1)
                  | [potion of mutation]
 78302 | Lair:5   | Lost mutation: You are occasionally teleported next to
                  | monsters. [potion of mutation]
 78302 | Lair:5   | Lost mutation: You are agile. (Dex +4, Str/Int -1) [potion
                  | of mutation]
 78302 | Lair:5   | Lost mutation: Your health recovers twice as slowly from
                  | being drained. [potion of mutation]
 78302 | Lair:5   | Gained mutation: You are robust. (+10% HP) [potion of
                  | mutation]
 78302 | Lair:5   | Lost mutation: You are very weak. (Str -4) [potion of
                  | mutation]
 78302 | Lair:5   | Gained mutation: You expend magic power (3 MP) to
                  | strengthen your wands. [potion of mutation]
 78303 | Lair:5   | Lost mutation: You have very sharp teeth. [potion of
                  | mutation]
 78303 | Lair:5   | Lost mutation: You are robust. (+10% HP) [potion of
                  | mutation]
 78303 | Lair:5   | Gained mutation: Your spells are a little harder to cast,
                  | but a little more powerful. [potion of mutation]
 78303 | Lair:5   | Gained mutation: Your spells are harder to cast, but more
                  | powerful. [potion of mutation]
 78304 | Lair:5   | Lost mutation: You are weak. (Str -2) [potion of mutation]
 78304 | Lair:5   | Lost mutation: Your body sometimes deteriorates upon taking
                  | damage. [potion of mutation]
 78304 | Lair:5   | Lost mutation: Your mind is acute. (Int +4, Str/Dex -1)
                  | [potion of mutation]
 78305 | Lair:5   | Lost mutation: You expend magic power (3 MP) to strengthen
                  | your wands. [potion of mutation]
 78305 | Lair:5   | Lost mutation: You occasionally lose the ability to read
                  | scrolls when taking damage. [potion of mutation]
 78305 | Lair:5   | Gained mutation: You are partially covered in large bone
                  | plates. (SH +4) [potion of mutation]
 78305 | Lair:5   | Gained mutation: Your mind is acute. (Int +4, Str/Dex -1)
                  | [potion of mutation]
 78305 | Lair:5   | Gained mutation: You have sharp fingernails. [potion of
                  | mutation]
 78305 | Lair:5   | Gained mutation: Your muscles are strong. (Str +4, Int/Dex
                  | -1) [potion of mutation]
 78602 | Crypt:1  | Entered Level 1 of the Crypt
 78626 | Crypt:1  | Noticed Grunn
 78806 | Crypt:1  | Killed Grunn
 79279 | Crypt:1  | Received a gift from Okawaru
 79632 | Crypt:3  | Entered Level 3 of the Crypt
 79825 | Crypt:3  | Identified the +1 hand axe of Vutuiphu {flame, +Blink
                  | rPois}
 79849 | Crypt:3  | Found a staircase to the Tomb.
 80565 | Crypt:3  | Found a basalt altar of Yredelemnul.
 80578 | Crypt:3  | Received a gift from Okawaru
 81120 | Crypt:3  | Got Kikubaaqudgha's Cyclopedia of Resurrection
 81132 | Crypt:3  | Identified the ring of Mulet {Fire rN++ Str-5 Int+4}
 81132 | Crypt:3  | Identified the amulet "Sacikiz" {Reflect rPois rF- Regen+
                  | Int-5 Dex+5 SH+5}
 81132 | Crypt:3  | Identified the ring of Dasmuo {rC+ rN++ MP+9 SInv}
 81152 | Crypt:3  | Identified the +5 tower shield of the Moon {rF+ rC++}
 81671 | Zot:5    | Noticed a dread lich
 81698 | Zot:5    | Killed a dread lich
 81702 | Zot:5    | Noticed a dread lich
 81719 | Zot:5    | Killed a dread lich
 81769 | Zot:5    | Reached skill level 15 in Throwing
 81774 | Zot:5    | Noticed an ancient lich
 81774 | Zot:5    | Noticed an ancient lich
 81774 | Zot:5    | Noticed an ancient lich
 81775 | Arena    | Entered the Arena
 81784 | Arena    | Killed an ancient lich
 81798 | Zot:5    | Noticed an orb of fire
 81800 | Zot:5    | Noticed an orb of fire
 81804 | Arena    | Entered the Arena
 81816 | Arena    | Killed an orb of fire
 81817 | Arena    | Reached XP level 27. HP: 98/273 MP: 29/33
 81849 | Arena    | Entered the Arena
 81854 | Arena    | Killed an orb of fire
 81884 | Zot:5    | Killed an ancient lich
 81889 | Zot:5    | Killed an ancient lich
 81912 | Zot:5    | Received a gift from Okawaru
 81924 | Zot:5    | Noticed an orb of fire
 81928 | Zot:5    | Reached skill level 10 in Evocations
 81935 | Arena    | Entered the Arena
 81941 | Arena    | Lost mutation: Your mind is acute. (Int +4, Str/Dex -1) [an
                  | orb of fire]
 81942 | Arena    | Killed an orb of fire
 81965 | Zot:5    | Noticed a dread lich
 81968 | Zot:5    | Paralysed by a dread lich for 5 turns
 81981 | Zot:5    | Killed a dread lich
 81989 | Arena    | Entered the Arena
 83623 | Depths:3 | Voluntarily entered the Abyss.
 83695 | Abyss:2  | Found a corrupted altar of Lugonu.
 84059 | Abyss:3  | Found a corrupted altar of Lugonu.
 84092 | Abyss:3  | Found a corrupted altar of Lugonu.
 84114 | Abyss:3  | Found a corrupted altar of Lugonu.
 84114 | Abyss:3  | Found a corrupted altar of Lugonu.
 84202 | Abyss:3  | Found a corrupted altar of Lugonu.
 84281 | Abyss:3  | Gained mutation: You have hidden genetic defects. [a
                  | neqoxec]
 84505 | Abyss:3  | Gained mutation: Potions are less effective at restoring
                  | your health. [a neqoxec]
 84518 | Abyss:3  | Received a gift from Okawaru
 84577 | Abyss:3  | Noticed an ancient lich
 84602 | Abyss:3  | Killed an ancient lich
 84633 | Abyss:3  | Got an abyssal rune of Zot
 84886 | Abyss:3  | Lost mutation: Your muscles are strong. (Str +4, Int/Dex
                  | -1) [a neqoxec]
 84919 | Abyss:3  | Gained mutation: You occasionally lose the ability to drink
                  | potions when taking damage. [hidden defects]
 84935 | Abyss:3  | Gained mutation: You occasionally lose the ability to read
                  | scrolls when taking damage. [a neqoxec]
 85425 | Abyss:3  | Received a gift from Okawaru
 85498 | Abyss:3  | Paralysed by accursed screaming for 1 turns
 85504 | Abyss:3  | Paralysed by accursed screaming for 1 turns
 85534 | Abyss:3  | Gained mutation: You occasionally shout uncontrollably at
                  | your foes. [hidden defects]
 85534 | Abyss:3  | Lost mutation: You have hidden genetic defects. [hidden
                  | defects expressed]
 85556 | Abyss:3  | Lost mutation: You frequently scream uncontrollably at your
                  | foes. [potion of mutation]
 85556 | Abyss:3  | Lost mutation: You sometimes lose the ability to read
                  | scrolls when taking damage. [potion of mutation]
 85557 | Abyss:3  | Lost mutation: Your spells are harder to cast, but more
                  | powerful. [potion of mutation]
 85557 | Abyss:3  | Lost mutation: You occasionally lose the ability to drink
                  | potions when taking damage. [potion of mutation]
 85557 | Abyss:3  | Lost mutation: Potions are less effective at restoring your
                  | health. [potion of mutation]
 85557 | Abyss:3  | Lost mutation: You are partially covered in large bone
                  | plates. (SH +4) [potion of mutation]
 85558 | Abyss:3  | Lost mutation: Your spells are a little harder to cast, but
                  | a little more powerful. [potion of mutation]
 85558 | Abyss:3  | Lost mutation: You have sharp fingernails. [potion of
                  | mutation]
 85561 | Depths:3 | Escaped the Abyss
 87392 | Zot:5    | Got the Orb of Zot
 87574 | Depths:4 | Noticed Muguar the pandemonium lord
 87800 | Depths:2 | Noticed Alolikao the pandemonium lord
 87981 | D:15     | Received a gift from Okawaru
 88005 | D:14     | Noticed Ykeweanwe the pandemonium lord
 88154 | D:8      | Noticed a seraph
 88300 | D:1      | Noticed Qokoy the pandemonium lord
 88310 | D:1      | Killed Qokoy the pandemonium lord
 88361 | D:$      | Escaped with the Orb!

Illustrated notes

Levels and vault maps discovered:
D:1:      roadster_arrival_rocket_small, layout_rooms, minmay_misc_feat_square
D:2:      layout_basic, uniq_terence, uniq_robin
D:3:      layout_basic, serial_bayou_lake_a
D:4:      layout_rooms, general_overflow_altar,
          minmay_temple_entry_statues_fountains, serial_shops, shop,
          uniq_sigmund, uniq_grinder, uniq_crazy_yiuf_cottage, uniq_pikel
D:5:      minmay_thinvault, layout_loops_ring, serial_shops, shop,
          kennysheep_nub
D:6:      layout_loops_cross, minmay_overflow_temple_star_quad,
          minmay_misc_feat_encased, dreamdust_princess_bridge
D:7:      layout_rooms, mainiacjoe_overflow_alcove_4, uniq_maurice, uniq_maggie
D:8:      layout_basic, nicolae_figureground_sparkle
D:9:      layout_big_octagon, david_lair_shrubbed
D:10:     minmay_statue_hallways, layout_basic, enter_bailey_4
D:11:     layout_rooms, david_orc_2
D:12:     layout_irregular_city, grunt_gozag_breadcrumbs, uniq_lodul
D:13:     layout_basic, minmay_statue_bubble
D:14:     layout_gridville, david_vaults_1, ashenzari_altar_1
D:15:     grunt_enter_depths_hoard, layout_loops_cross,
          nicolae_qazlal_scattered_showers
Temple:   sentei_temple_godly_chess
Lair:1:   layout_concentric_octagons, beast_lair_carwin_11, uniq_urug
Lair:2:   layout_gridlike
Lair:3:   layout_layer_cave, mainiacjoe_swamp_entry_lozenge_pond,
          spider_nest_entry_a, fungi_pond_lemuel,
          nicolae_lair_grove_arrangements, serial_bayou_pond_a, minivault_19,
          chequers_serial_rivers_marsh
Lair:4:   beargit_carnivore_pack, layout_regular_city,
          chequers_serial_rivers_room_a, lemuel_fruit_fields
Lair:5:   wormcave, layout_regular_city, slime_entry_1,
          ebering_ghost_funeral_grove, uniq_snorg, uniq_sonja
Swamp:1:  layout_falls_marsh, evilmike_swamp_ruin_wall
Swamp:2:  layout_basic_swamp, nicolae_swamp_well_well_well, grunt_ruined_hall
Swamp:3:  cheibrodos_swamp_monstrosity, layout_basic_swamp,
          evilmike_swamp_ruin_house_1, swamp_pool_4, cheibrodos_swamp_minitomb
Swamp:4:  swamp_alternative, layout_basic_swamp
Spider:1: nicolae_spider_mines_1, drop_trap
Spider:2: layout_spider_delve, uniq_azrael
Spider:3: spiders_nest_scorpion_pit, uniq_bai_suzhen
Spider:4: guppyfry_spider_rune, guppyfry_spider_mini_2
Slime:1:  layout_caves, basic_altar
Slime:2:  cheibrodos_slime_lost_civilization_9, layout_caves
Slime:3:  layout_caves, nicolae_slime_round_cave
Slime:4:  layout_caves
Slime:5:  slime_pit_nicolae_jellycorners
Orc:1:    layout_caves, serial_shops, nicolae_shop_tiny_real_fake_doors, shop,
          shop, shop, uniq_fannar
Orc:2:    st_orc_pillars, layout_caves, portal_ice_cave_entry_ice_simulacra,
          uniq_jorgrun
Elf:1:    layout_rooms, serial_shops, nicolae_shop_real_fake_doors,
          nicolae_shop_tiny_statue_garden, shop,
          nicolae_shop_temple_entry_statues_fountains,
          portal_desolation_entry_twin_temple, ebering_ghost_disaster_area,
          minmay_elf_annihilation, palyth_stone_intersect
Elf:2:    elven_hall_of_blades_hangedman_alternative
          [nicolae_blade_entry_pointy_end], layout_gridlike, serial_shops,
          nicolae_shop_behind_doors, nicolae_shop_clearance, uniq_nikola
Elf:3:    minmay_elf_hall_circle, layout_loops_cross, lemuel_flame_loot_1
Vaults:1: grunt_vaults_bifocal, nicolae_vaults_stepped_doors,
          ontoclasm_vaults_decontamination, ontoclasm_vaults_misaligned,
          v_misc_14, vaults_dpeg_emergency_exit, nicolae_vaults_library_corner,
          vaults_dpeg_hooks, layout_vaults_quadrants, serial_shops, shop_coins
Vaults:2: mu_enter_wizlab_5, v_misc_19, v_misc_28, nicolae_vaults_what_the_h,
          v_alt_pattern_3, nicolae_vaults_six-pack, nicolae_vaults_house_1,
          nicolae_vaults_little_ls, nicolae_vaults_diamond_1,
          nicolae_vaults_big_angled_halls, nicolae_vaults_shipping_containers_4,
          vaults_dpeg_diagonal, layout_vaults_omnicross, uniq_xtahua
Vaults:3: vaults_dpeg_spiral, serial_ice_m, minmay_crypt_entry_vampire_xt,
          nicolae_vaults_network_s, v_misc_12, nicolae_vaults_little_squares_4,
          nicolae_vaults_closet_pinwheel_6, v_misc_14, hangedman_vaults_impose,
          nicolae_vaults_mini_display_case, layout_vaults_big_room,
          serial_shops, shop_statue, uniq_mennas, uniq_saint_roka
Vaults:4: serial_ice_m, nicolae_vaults_closet_pinwheel_1,
          nicolae_vaults_tangram_2, nicolae_vaults_tetromino_L_2,
          nicolae_vaults_disjoint_gnomons, hangedman_vaults_river_flow,
          ontoclasm_vaults_bender, v_misc_29, nicolae_vaults_angled_halls,
          hangedman_vaults_stretched_pinwheel,
          nicolae_vaults_offset_grid_hallway_4,
          nicolae_vaults_offset_grid_hallway_1, vaults_room_door_hall,
          vaults_room_pools, nicolae_vaults_gold_heap,
          nicolae_vaults_offset_grid_hallway_3, nicolae_vaults_yaktaur_gun_rack,
          vaults_room_semicircle, layout_vaults_omnibox
Vaults:5
Crypt:1:  layout_gridlike, uniq_grunn
Crypt:2:  layout_rooms, lemuel_elevator, uniq_margery
Crypt:3:  church_of_pain_bobbens, layout_chaotic_city, grunt_megastairs_2
Depths:1: layout_roguey, hangedman_geh_valley, nicolae_two_hexagons,
          minmay_misc_feat_rugged, nicolae_take_the_stairs,
          kennysheep_generic_room_3
Depths:2: gammafunk_sealed_library, layout_gridlike, serial_shops,
          nicolae_shop_pleasant_corner_grove, shop, shop,
          nicolae_shop_bloodbath_and_beyond, lightli_too_deep,
          kennysheep_nondescript, grunt_pan_entry_zigzag,
          gammafunk_ghost_wrathful_warriors, serial_bayou_shore_b,
          serial_bayou_shore_b
Depths:3: minmay_quarter_circles, layout_cave_pools, pf_coc_iceberg,
          rand_demon_pan_entry_7, regret_index_abyss_entry_already_here,
          okawaru_gym_becter, beargit_elvish_explorers
Depths:4: grunt_zot_entry_alcove, layout_basic, enter_ziggurat_f,
          grunt_pan_entry_spiral, hell_entry, minmay_shop_star, uniq_frederick,
          uniq_sojobo
Zot:1:    layout_basic, nicolae_diode_quadrants, regret_index_zotdec_banners
Zot:2:    layout_basic, grunt_megastairs_3, uniq_parghit
Zot:3:    hangedman_zot_vaults_quadrants, layout_concentric_octagons,
          regret_index_zotdec_magical_s
Zot:4:    lemuel_draconian_sentries, layout_basic, regret_index_zotdec_icy_dp
Zot:5:    layout_gridlike

Skill      XL: |  1  2  3  4  5  6  7  8  9 10 11 12 13 14 15 16 17 18 19 20 21 22 23 24 25 26 27 |
---------------+----------------------------------------------------------------------------------+-----
Armour         | 4 6 9 11 13 14 15 17 19 21 22 23 25 27 | 27.0
Fighting       | 4 5 6 7 8 10 11 13 14 15 17 18 19 21 22 24 26 27 | 27.0
Shields        | 4 6 7 9 10 12 13 15 17 19 20 22 26 27 | 27.0
Axes           | 3 4 5 6 8 9 11 12 14 15 16 17 18 19 22 | 22.0
Throwing       | 2 3 6 7 9 10 12 15 22 | 22.3
Invocations    | 5 6 7 9 11 12 13 14 15 | 15.0
Dodging        | 3 7 10 11 13 14 16 | 16.0
Evocations     | 5 8 10 | 10.0
Stealth        | 1 5 |  5.0

Action                     |  1- 3 |  4- 6 |  7- 9 | 10-12 | 13-15 | 16-18 | 19-21 | 22-24 | 25-27 || total
---------------------------+-------+-------+-------+-------+-------+-------+-------+-------+-------++-------
  Melee: War axe           |    55 |   117 |   245 |   343 |       |       |       |       |       ||   760
         Headbutt          |     5 |    20 |    36 |   103 |   347 |   488 |   412 |   477 |   934 ||  2822
         Unarmed           |       |       |     9 |       |       |       |       |       |       ||     9
         Broad axe         |       |       |       |    75 |  1007 |  1323 |  1095 |  1285 |  2544 ||  7329
         Morningstar       |       |       |       |       |     8 |       |       |       |       ||     8
  Throw: Dart              |       |       |     2 |       |       |       |       |       |     1 ||     3
         Javelin           |       |       |       |     6 |     7 |       |     7 |    19 |    24 ||    63
 Invoke: Heroism           |       |       |       |     3 |     3 |     5 |     6 |     7 |     5 ||    29
         Receive Weapon    |       |       |       |       |     1 |       |       |       |       ||     1
         Receive Armour    |       |       |       |       |     1 |       |       |       |       ||     1
         Finesse           |       |       |       |       |     1 |     2 |     4 |     5 |     7 ||    19
         Duel              |       |       |       |       |       |       |     2 |       |     5 ||     7
  Evoke: Wand              |       |       |       |     5 |       |       |       |       |    11 ||    16
    Use: Scroll            |       |       |     9 |     7 |     9 |    12 |     3 |     5 |    15 ||    60
         Potion            |       |       |       |     2 |     1 |     1 |    11 |     1 |    28 ||    44
   Stab: Distracted        |       |       |       |     1 |       |     1 |       |       |     1 ||     3
         Held in net/web   |       |       |       |       |       |     1 |       |       |       ||     1
 Armour: Scale mail        |    53 |    91 |    99 |       |       |       |       |       |       ||   243
         Plate armour      |       |       |    82 |   338 |   238 |       |       |       |       ||   658
         Skin              |       |       |     8 |       |       |       |       |       |       ||     8
         Crystal plate arm |       |       |       |       |   713 |  1675 |   694 |   695 |   242 ||  4019
         Gold dragon scale |       |       |       |       |       |       |       |       |  1188 ||  1188
  Dodge: Dodged            |    40 |    55 |    86 |    81 |   157 |   287 |   191 |   269 |   473 ||  1639
  Block: Buckler           |    15 |    27 |    57 |    58 |    68 |       |       |       |       ||   225
         Kite shield       |       |       |       |       |   417 |  1020 |   222 |       |       ||  1659
         Tower shield      |       |       |       |       |       |       |   508 |  1208 |  2518 ||  4234
Riposte: War axe           |       |       |       |     8 |       |       |       |       |       ||     8
         Broad axe         |       |       |       |     6 |   179 |   372 |   232 |   319 |       ||  1108
         Morningstar       |       |       |       |       |     2 |       |       |       |       ||     2

Table legend: (Time is in decaauts)
 A = Elapsed time spent in this place.
 B = Non-inter-level travel time spent in this place.
 C = Inter-level travel time spent in this place.
 D = Time resting spent in this place.
 E = Time spent auto-exploring this place.
 F = Levels seen in this place.
 G = Mean time per level.
                   A        B        C        D        E       F      G
               +--------+--------+--------+--------+--------+-----+--------+
         Total |  86946 |  79316 |   7630 |  16423 |  45831 |  70 | 1242.1 |
       Dungeon |  17350 |  14915 |   2435 |   1099 |  11293 |  15 | 1156.7 |
        Temple |      7 |      7 |      0 |      0 |      0 |   1 |    7.0 |
          Lair |   7931 |   7194 |    737 |    790 |   5407 |   5 | 1586.2 |
         Swamp |   3568 |   3304 |    264 |    146 |   2396 |   4 |  892.0 |
   Spider Nest |   9028 |   8787 |    241 |   3166 |   4175 |   4 | 2257.0 |
    Slime Pits |   2876 |   2712 |    164 |    145 |   1674 |   5 |  575.2 |
  Orcish Mines |   1936 |   1658 |    278 |    127 |    965 |   2 |  968.0 |
   Elven Halls |   4557 |   3939 |    618 |    459 |   2403 |   3 | 1519.0 |
        Vaults |  10805 |  10211 |    594 |   1885 |   6608 |   5 | 2161.0 |
         Crypt |   3163 |   2941 |    222 |    427 |   1519 |   3 | 1054.3 |
        Depths |   8812 |   7487 |   1325 |   1574 |   4418 |   4 | 2203.0 |
           Zot |  10586 |   9838 |    748 |   4322 |   3724 |   5 | 2117.2 |
         Abyss |   1730 |   1730 |      0 |    468 |    279 |   3 |  576.7 |
        Bailey |   1446 |   1446 |      0 |    844 |    133 |   1 | 1446.0 |
      Ice Cave |    623 |    623 |      0 |    111 |    219 |   1 |  623.0 |
        Wizlab |   1089 |   1089 |      0 |    381 |    262 |   1 | 1089.0 |
    Desolation |   1281 |   1281 |      0 |    478 |    352 |   1 | 1281.0 |
         Arena |    151 |    151 |      0 |      0 |      0 |   7 |   21.6 |
               +--------+--------+--------+--------+--------+-----+--------+

Top non-repeatable levels by time:
Spider:3: 3449 daAuts
Vaults:4: 3349 daAuts
   Zot:3: 2956 daAuts
  Lair:5: 2896 daAuts
Depths:2: 2805 daAuts
Spider:4: 2767 daAuts
Vaults:5: 2422 daAuts
   Zot:2: 2387 daAuts
Depths:3: 2327 daAuts
Depths:4: 2286 daAuts
   Zot:5: 2098 daAuts
   Elf:3: 1882 daAuts
Vaults:2: 1790 daAuts
     D:5: 1763 daAuts
Vaults:1: 1696 daAuts
